 Dungeon Crawl Stone Soup version 0.15-a0-2227-g1e78800 (webtiles) character file.

196 Charly the Insei (level 5, -2/27 HPs)
             Began as a Vine Stalker Monk on July 24, 2014.
             Was a Believer of Cheibriados.
             Shot with a bolt of frost by a big kobold (6 damage)
             ... in a sewer.
             The game lasted 00:08:35 (721 turns).

Charly the Insei (Vine Stalker Monk)                 Turns: 721, Time: 00:08:35

HP  -2/27        AC  3     Str 20      XL: 5   Next: 74%
MP   0/7         EV 13     Int 15      God: Cheibriados [**....]
Gold 76          SH  0     Dex 21      Spells:  0 memorised,  4 levels left

rFire  . . .     SeeInvis .       - Unarmed
rCold  . . .     Clarity  .     a - +1 robe
rNeg   . . .     rCorr    .     (no shield)
rPois  .         rRot     +     (no helmet)
rElec  .         Spirit   +     (no cloak)
SustAb .         Warding  .     (no gloves)
rMut   .         Stasis   .     (no boots)
Gourm  .                        (no amulet)
MR     .....                    (no ring)
                                c - ring of flight

@: very slow, not resistant to hostile enchantments, unstealthy
A: fangs 2, regeneration 1, magic shield, antimagic bite, no device heal 3, rot
immunity
a: Bend Time, Renounce Religion, Evoke Flight


You were in a sewer.
You worshipped Cheibriados.
Cheibriados was pleased with you.
You were not hungry.

You visited 1 branch of the dungeon, and saw 4 of its levels.
You also visited: Sewer.

You collected 76 gold pieces.

Inventory:

Armour
 a - a +1 robe (worn)
Comestibles
 b - 3 bread rations
 i - a meat ration
Scrolls
 d - a scroll of enchant weapon
 g - a scroll of fear {unknown}
Jewellery
 c - a ring of flight (left hand)
Potions
 e - a potion of magic {unknown}
 f - 2 potions of flight {unknown}
 h - a potion of heal wounds {unknown}
 j - a potion of curing {unknown}


   Skills:
 - Level 2.6 Fighting
 - Level 2.4 Dodging
 - Level 2.4 Stealth
 + Level 6.8 Unarmed Combat


You had 4 spell levels left.
You didn't know any spells.

Dungeon Overview and Level Annotations

Branches:
Dungeon (4/15)
 Temple: D:4-7

Altars:
Cheibriados
Dithmenos
Okawaru

Shops:
D:4 *


Innate Abilities, Weirdness & Mutations

You have extremely sharp teeth.
Your natural rate of healing is unusually fast.
When hurt, damage is shared between your health and your magic reserves.
Your bite disrupts and absorbs the magic of your enemies.
Potions and wands cannot restore your health.
You are immune to rotting.


Message History

The big kobold is almost dead.
The big kobold hits you.
* * * LOW HITPOINT WARNING * * *
You closely miss the big kobold.
The big kobold is almost dead.
The big kobold hits you.
* * * LOW HITPOINT WARNING * * *
You closely miss the big kobold. Your bite misses the big kobold.
The big kobold is almost dead.
The big kobold shoots a bolt of frost.
The bolt of frost hits you.
* * * LOW HITPOINT WARNING * * *
The bolt of frost freezes you.
* * * LOW HITPOINT WARNING * * *
The big kobold barely misses you.
You punch the big kobold!
You kill the big kobold!
Cheibriados appreciates the change of pace.
Cheibriados raises the support of your attributes as your movement slows.
The big kobold shoots a bolt of frost.
The bolt of frost hits you!
You die...

.?. #.≈≈..# #≈# #≈≈.#
#.# #≈# #.# #≈# #.#
#≈# ##.## ##%##
##≈.K## ##...##
#....(####≈...≈#####.
#...≈@≈≈≈≈≈.≈≈≈≈≈≈≈≈≈≈
#.....####....≈#####.
##...## ##.≈≈## ##≈##
##≈## #≈# #≈## #≈# #≈≈
#≈# #≈## ##≈## ##≈##
##≈≈.## ##.≈.##


You could see a big kobold.

Vanquished Creatures
  A big kobold (Sewer)
  Ijyb (D:3)
  5 adders
  A green rat (Sewer)
  A worm (D:3)
  An ooze (D:1)
  6 orcs (D:3)
  2 ball pythons
  3 giant cockroaches (D:4)
  5 goblins
  2 hobgoblins
  3 bats (D:1)
  A giant gecko (D:3)
  A giant newt (D:3)
  5 kobolds
  2 rats
40 creatures vanquished.

Notes
Turn   | Place    | Note
--------------------------------------------------------------
     0 | D:1      | Charly, the Vine Stalker Monk, began the quest for the Orb.
     0 | D:1      | Reached XP level 1. HP: 11/11 MP: 1/1
    49 | D:1      | Reached XP level 2. HP: 13/16 MP: 3/3
   260 | D:3      | Reached XP level 3. HP: 11/19 MP: 4/4
   303 | D:3      | Reached skill level 5 in Unarmed Combat
   396 | D:3      | Noticed Ijyb
   409 | D:3      | Killed Ijyb
   438 | D:4      | Found an iron altar of Okawaru.
   494 | D:4      | Reached XP level 4. HP: 23/23 MP: 5/5
   500 | D:4      | Found a snail-covered altar of Cheibriados.
   506 | D:4      | Became a worshipper of Cheibriados the Contemplative
   533 | D:4      | Found Xeshronta's Assorted Antiques.
   569 | D:4      | Found a glowing drain.
   602 | D:4      | Reached skill level 6 in Unarmed Combat
   611 | D:4      | Found a shadowy altar of Dithmenos.
   636 | Sewer    | Entered a sewer
   652 | Sewer    | Reached XP level 5. HP: 9/27 MP: 4/7
   700 | Sewer    | Noticed a big kobold
   700 | Sewer    | Noticed a big kobold
   721 | Sewer    | Killed a big kobold
   721 | Sewer    | Shot with a bolt of frost by a big kobold

Action                   |  1- 3 |  4- 6 || total
-------------------------+-------+-------++-------
Melee: Unarmed           |    85 |    50 ||   135
 Abil: Evoke Flight      |       |     2 ||     2
  Use: Scroll            |     4 |       ||     4
 Stab: Sleeping          |     5 |       ||     5
